 Dungeon Sprint DCSS version 0.30-a0-177-g1cb5dbfd7a (webtiles) character file.

Game seed: 5473268158119245989

4 hellse the Conjurer (level 1, 0/15 HPs)
             Began as a Deep Elf Conjurer on Oct 2, 2022.
             Slain by a human (7 damage)
             ... in the Dungeon (Sprint III: "The Ten Rune Challenge").
             The game lasted 00:00:26 (117 turns).

hellse the Conjurer (Deep Elf Conjurer)              Turns: 117, Time: 00:00:26

Health: 0/15       AC:  2    Str:  4    XL:     1   Next: 50%
Magic:  1/7        EV: 12    Int: 22    God:
Gold:   13         SH:  0    Dex: 13    Spells: 7/8 levels left

rFire   . . .      SeeInvis .    (no weapon)
rCold   . . .      Faith    .    (no shield)
rNeg    . . .      Spirit   .    a - +0 robe
rPois   .          Reflect  .    (no helmet)
rElec   .          Harm     .    (no cloak)
rCorr   .          Rampage  .    (no gloves)
Will    .....      NoTele   +    (no boots)
Stlth   ..........               (no amulet)
HPRegen 0.22/turn                (no ring)
MPRegen 0.10/turn                (no ring)

@: berserking, very quick
A: no striking features
a: no special abilities


You were in the Dungeon.
You visited 1 branch You collected 13 gold pieces.

Inventory:

Armour
 a - a +0 robe (worn)
Scrolls
 g - a scroll of blinking
Potions
 b - 3 potions of magic
 c - a potion of curing
 d - a potion of heal wounds
 e - a potion of haste


   Skills:
 - Level 2.4 Dodging
 - Level 2.4 Stealth
 + Level 4.2 Spellcasting
 + Level 5.0 Conjurations


You had 7 spell levels left.
You knew the following spells:

 Your Spells              Type           Power      Damage    Failure   Level
a - Magic Dart            Conj           100%       1d8       1%          1

Your spell library contained the following spells:

 Spells                   Type           Power      Damage    Failure   Level
 Searing Ray              Conj           52%        2d6       1%          2
 Dazzling Flash           Conj/Hex       30%        N/A       12%         3
 Fulminant Prism          Conj/Hex       7%         3d7       36%         4
 Iskenderun's Mystic Bla  Conj/Tloc      15%        2d5       36%         4


Dungeon Overview and Level Annotations

Branches:
Dungeon (1/1)

Altars:


Message History

Confirm with . or Enter, or press ? or * to list all spells.
Aiming: Magic Dart (safe; 1% risk of failure)
Press: ? - help, Shift-Dir - straight line, f/p - human
Aim: a human (moderately wounded, 100% to hit)
The magic dart hits the human but does no damage.
The human is moderately wounded.
Casting: Magic Dart (safe; 1% risk of failure)
Confirm with . or Enter, or press ? or * to list all spells.
Aiming: Magic Dart (safe; 1% risk of failure)
Press: ? - help, Shift-Dir - straight line, f/p - human
Aim: a human (moderately wounded, 100% to hit)
The magic dart hits the human but does no damage.
The human is moderately wounded.
Casting: Magic Dart (safe; 1% risk of failure)
Confirm with . or Enter, or press ? or * to list all spells.
Aiming: Magic Dart (safe; 1% risk of failure)
Press: ? - help, Shift-Dir - straight line, f/p - human
Aim: a human (moderately wounded, 100% to hit)
The magic dart hits the human.
The human is heavily wounded.
The human barely misses you.
You aren't carrying any items that you can evoke.
Okay, then.
A red film seems to cover your vision as you go berserk!
You feel yourself moving faster!
You feel mighty! The human hits you!
Ouch! That really hurt!
You hit the human.
The human is heavily wounded.
You closely miss the human.
The human is heavily wounded.
The human hits you but does no damage.
You hit the human.
The human is heavily wounded.
You punch the human!
The human is severely wounded.
The human hits you but does no damage.
You miss the human.
The human is severely wounded.
The human hits you!
You die...

▓.....#
▓.....#...~~...♣
▓....(#..~~~~..♣
▓####'#..~≈≈~~~♣
▓.....#.~~≈~~~..
▓...†.#.~≈~~~...
▓.....#.~~~.....
▓'#####.........
▓.......@p......
▓▓▓▓▓▓▓▓▓▓▓▓▓▓▓▓


You could see a human.

Vanquished Creatures
  2 endoplasms (D)
  2 rats (D)
4 creatures vanquished.

Notes
Turn   | Place    | Note
-------+----------+-------------------------------------------
     0 | D        | hellse the Deep Elf Conjurer began the quest for the Orb.
     0 | D        | Reached XP level 1. HP: 10/10 MP: 6/6
    77 | D        | Reached skill level 5 in Conjurations
   117 | D        | Slain by a human

Illustrated notes

Levels and vault maps discovered:
D:        dungeon_sprint_mu [sprint_mu_entry_forest, sprint_mu_temple_rooms,
          sprint_mu_d1_spiders, sprint_mu_d2_genie, sprint_mu_d3_branching,
          sprint_mu_orc_legion, sprint_mu_elf_gauntlet, sprint_mu_hive_nellie,
          sprint_mu_lair_fedhas, sprint_mu_vaults_butterflies,
          sprint_mu_slime_circle, sprint_mu_swamp_cave, sprint_mu_shoals_archi,
          sprint_mu_blade_basic, sprint_mu_crypt_fortress,
          sprint_mu_tomb_spiral, sprint_mu_vestibule_basic,
          sprint_mu_gehenna_hellfire, sprint_mu_dis_giant,
          sprint_mu_tartarus_statrot, sprint_mu_cocytus_islands, sprint_mu_zot1]

Skill      XL: |  1 |
---------------+----+-----
Spellcasting   | 4 |  4.2
Conjurations   | 5 |  5.0
Dodging        | |  2.4
Stealth        | |  2.4

Action                   || total
-------------------------++-------
Melee: Unarmed           ||     5
 Cast: Magic Dart        ||    15
  Use: Potion            ||     1
Armor: Robe              ||     2
Dodge: Dodged            ||     1

Table legend: (Time is in decaauts)
 A = Elapsed time spent in this place.
 B = Non-inter-level travel time spent in this place.
 C = Inter-level travel time spent in this place.
 D = Time resting spent in this place.
 E = Time spent auto-exploring this place.
 F = Levels seen in this place.
 G = Mean time per level.
                   A        B        C        D        E       F      G
               +--------+--------+--------+--------+--------+-----+--------+
         Total |    115 |    115 |      0 |     73 |      0 |   1 |  115.0 |
       Dungeon |    115 |    115 |      0 |     73 |      0 |   1 |  115.0 |
               +--------+--------+--------+--------+--------+-----+--------+

Top non-repeatable levels by time:
       D: 115 daAuts
